 Dungeon Crawl Stone Soup version 0.31-a0-1570-g93c622d222 (webtiles) character file.

Game seed: 6731545989770919321

4576 jasper the Fighter (level 10, 0/85 HPs)
             Began as a Demonspawn Warper on Jan 3, 2024.
             Was a Priest of Wu Jian.
             Slain by a howler monkey (2 damage)
             ... on level 9 of the Dungeon.
             The game lasted 00:15:34 (7146 turns).

jasper the Fighter (Demonspawn Warper)              Turns: 7146, Time: 00:15:35

Health: 0/85       AC:  7    Str: 15    XL:     10   Next: 18%
Magic:  13/13      EV: 12    Int: 19    God:    Wu Jian [***...]
Gold:   471        SH:  0    Dex: 22    Spells: 13/13 levels left

rFire   . .          .
                       - Unarmed
rCold   . . .        (no shield)
rNeg    + . .        p - +2 ring mail "Atuidaoh" {Dex+4 Stlth-}
rPois   .            (no helmet)
rElec   +            (no cloak)
rCorr   .            (no gloves)
SInv    .            (no boots)
Will    .....        (no amulet) Stlth
                     b - ring "Hihoaklu" {rElec rN+ Int+4 Dex+6}
HPRegen 0.34/turn    F - ring of flight
MPRegen 0.13/turn

%: no passive effects
@: confused, lethally poisoned (0 -> -17), ambrosia-drunk, flying, slowed, very
slow
A: powered by death 2, demonic touch 2
a: Renounce Religion, Wall Jump, Serpent's Lash


You were on level 9 of the Dungeon.
You worshipped Wu Jian.
Wu Jian was most pleased with you.
You visited 1 branch of the dungeon, and saw 9 of its levels.

You collected 471 gold pieces.

Inventory:

Hand Weapons
 d - a +3 heavy sling
Missiles
 c - 5 darts of dispersal
 k - 67 stones
 l - 21 poisoned darts (quivered)
 q - a throwing net
Armour
 a - a +0 leather armour
 f - a +0 ring mail
 p - the +2 ring mail "Atuidaoh" (worn) {Dex+4 Stlth-}
   (You found it on level 5 of the Dungeon)

   Dex+4:     It affects your dexterity (+4).
   Stlth-:    It makes you less stealthy.
Jewellery
 b - the ring "Hihoaklu" (left hand) {rElec rN+ Int+4 Dex+6}
   (You acquired it on level 4 of the Dungeon)

   [ring of dexterity]

   Int+4:     It affects your intelligence (+4).
   Dex+6:     It affects your dexterity (+6).
   rElec:     It insulates you from electricity.
   rN+:       It protects you from negative energy.
 h - an amulet of faith
 F - a ring of flight (right hand)
Talismans
 v - a flux talisman
Wands
 n - a wand of flame (47)
 u - a wand of roots (2)
 y - a wand of paralysis (6)
Scrolls
 e - 5 scrolls of identify
 g - 3 scrolls of fear
 i - 3 scrolls of immolation
 o - a scroll of revelation
 s - 2 scrolls of teleportation
 t - 3 scrolls of blinking
 w - a scroll of vulnerability
 B - 2 scrolls of torment
 E - a scroll of poison
Potions
 r - 2 potions of haste
 x - a potion of mutation
 z - a potion of degeneration
 A - a potion of brilliance
 D - a potion of might


   Skills:
 - Level 10.0 Fighting
 - Level 0.8 Throwing
 - Level 0.8 Armour
 - Level 2.9 Dodging
 - Level 10.0 Unarmed Combat
 - Level 2.0 Spellcasting
 - Level 2.6 Translocations
 + Level 2.2 Shapeshifting


You had 13 spell levels left.
You didn't know any spells.
Your spell library contained the following spells:

 Spells                   Type           Power      Damage    Failure   Level
 Apportation              Tloc           24%        N/A       11%         1
 Blink                    Tloc           24%        N/A       17%         2
 Lesser Beckoning         Tloc           24%        N/A       17%         2
 Foxfire                  Conj/Fire      4%         2x1d4     32%         1
 Kiss of Death            Conj/Necr      4%         2d5       32%         1
 Necrotise                Necr           4%         1d4       32%         1
 Sting                    Conj/Alch      4%         1d3       32%         1
 Summon Small Mammal      Summ           4%         N/A       32%         1
 Teleport Other           Tloc           12%        N/A       32%         3
 Ensorcelled Hibernation  Hex/Ice        2%         N/A       45%         2
 Jinxbite                 Hex            2%         N/A       45%         2
 Confusing Touch          Hex            1%         N/A       69%         3
 Passwall                 Erth           1%         N/A       69%         3
 Swiftness                Air            1%         N/A       69%         3
 Manifold Assault         Tloc           12%        N/A       73%         4
 Vhi's Electric Charge    Tloc/Air       14%        N/A       88%         4
 Dispel Undead            Necr           1%         3d6       97%         4
 Alistair's Intoxication  Alch           0%         N/A       100%        5
 Plasma Beam              Fire/Air       0%         2x1d10    100%        6
 Starburst                Conj/Fire      0%         6d3       100%        6


Dungeon Overview and Level Annotations

Branches:
Dungeon (9/15)             Temple (0/1) D:5
   Lair: D:8-11         Orc: D:9-12

Altars:
Cheibriados
Fedhas
Kikubaaqudgha
Nemelex Xobeh
Okawaru
Qazlal
Trog
Uskayaw
Wu Jian
Xom

Annotations:
D:7 2 transporters, Pokonic1's ghost, novice TrBe
D:8 1 runed translucent door, bungle's ghost, novice MiBe


Innate Abilities, Weirdness & Mutations

You regenerate health from kills.
Your touch may inflict irresistible damage on your foes.


Message History

You feel sick. The howler monkey hits you. The howler monkey barely misses you.
The hornet stings you.
You feel as though you will be slow longer.
The howler monkey barely misses you. The howler monkey closely misses you.
You take 5 damage, and have 42/85 hp.
You spin and attack the hornet.
You hit the hornet.
The hornet is moderately wounded.
You feel sick. The hornet stings you!
You feel as though you will be slow longer.
The kobold brigand barely misses you. The hornet stings you!
* * * LOW HITPOINT WARNING * * *
You are more poisoned.
You feel as though you will be slow longer.
The howler monkey hoots and howls with incredible vigour!
The kobold brigand hits you with a +0 club.
* * * LOW HITPOINT WARNING * * *
You hear a shout!
You hear a loud, deep croak!
You hear a shout!
You take 29 damage, and have 13/85 hp.
MASSIVE DAMAGE!!
You feel better. The hornet closely misses you. The hornet stings you!
* * * LOW HITPOINT WARNING * * *
You are poisoned.
You feel as though you will be slow longer.
The howler monkey hoots and howls with incredible vigour!
The kobold brigand hits you with a +0 club.
* * * LOW HITPOINT WARNING * * *
The hornet stings you!
* * * LOW HITPOINT WARNING * * *
You are more poisoned.
You feel as though you will be slow longer.
You take 10 damage, and have 3/85 hp.
Okay, then.
Okay, then.
You are confused.
You feel invigorated.
* * * LOW HITPOINT WARNING * * *
You feel extremely sick. The howler monkey closely misses you.
The hornet misses you.
The kobold brigand hits you but does no damage.
The howler monkey hits you.
You die...

..........#.. .
............ ..
##........>..
...###............
.................
........).......
#..h(........
#.hyK).......
#..@K...#....
#....<.......
##...#!......
##.###...... ...#
.##... $.#.# ..
... ####.. .(. ..
##. .#. #.


You could see a hornet, a kobold brigand, 2 howler monkeys and a kobold.

Vanquished Creatures
  Pikel (D:7)
  A wyvern (D:8)
  5 yaks
  3 water moccasins
  2 ice beasts
  3 black bears
  2 ogres (D:5)
  3 phantoms
  2 lemures (D:7)
  A centaur (D:6)
  2 kobold brigands
  4 bullfrogs
  A scorpion (D:6)
  5 wights (D:6)
  6 killer bees
  A howler monkey (D:7)
  4 bombardier beetles
  2 jellies (D:6)
  5 orc priests
  5 hounds
  2 iguanas
  2 sleepcaps (D:5)
  Terence (D:3)
  Natasha (twice) (D:3)
  2 orc wizards
  11 gnolls
  11 adders
  A shadow imp (D:6)
  2 white imps
  2 dart slugs
  2 ribbon worms
  9 orcs
  6 ball pythons
  6 endoplasms
  4 hobgoblins
  3 quokkas
  9 bats
  2 frilled lizards (D:3)
  A goblin (D:2)
  19 kobolds
  4 rats
159 creatures vanquished.

Notes
Turn   | Place    | Note
-------+----------+-------------------------------------------
     0 | D:1      | jasper the Demonspawn Warper began the quest for the Orb.
     0 | D:1      | Reached XP level 1. HP: 16/16 MP: 3/3
   248 | D:1      | Gained mutation: Your touch may inflict minor irresistible
                  | damage on your foes. [demonic ancestry]
   248 | D:1      | Reached XP level 2. HP: 23/23 MP: 5/5
   531 | D:1      | Found a faded altar of an unknown god.
  1104 | D:2      | Reached XP level 3. HP: 18/28 MP: 6/6
  1880 | D:3      | Reached XP level 4. HP: 19/35 MP: 7/7
  2386 | D:3      | Noticed Natasha
  2533 | D:3      | Killed Natasha
  2534 | D:3      | Gained mutation: You regenerate a little health from kills.
                  | [demonic ancestry]
  2534 | D:3      | Reached XP level 5. HP: 23/42 MP: 8/8
  2611 | D:3      | Noticed Natasha
  2755 | D:3      | Killed Natasha
  2826 | D:3      | Noticed Terence
  2834 | D:3      | Killed Terence
  3027 | D:4      | Found an ornate altar of the Wu Jian Council.
  3092 | D:4      | Became a worshipper of the Wu Jian Council
  3113 | D:4      | Noticed a phantom
  3129 | D:4      | Killed a phantom
  3130 | D:4      | Gained mutation: You regenerate health from kills. [demonic
                  | ancestry]
  3130 | D:4      | Reached XP level 6. HP: 35/50 MP: 9/9
  3196 | D:4      | Found a shimmering altar of Xom.
  3269 | D:4      | Found a stormy altar of Qazlal.
  3641 | D:4      | Found a blossoming altar of Fedhas.
  3642 | D:4      | Found an ancient bone altar of Kikubaaqudgha.
  3642 | D:4      | Found a bloodstained altar of Trog.
  3643 | D:4      | Found a sparkling altar of Nemelex Xobeh.
  3647 | D:4      | Found a snail-covered altar of Cheibriados.
  3700 | D:4      | Identified a scroll of acquirement
  3700 | D:4      | Acquired the ring "Hihoaklu" {rElec rN+ Int+4 Dex+6}
  3722 | D:5      | Entered Level 5 of the Dungeon
  3732 | D:5      | Reached skill level 5 in Fighting
  3793 | D:5      | Reached skill level 5 in Unarmed Combat
  3859 | D:5      | Reached XP level 7. HP: 29/56 MP: 10/10
  4064 | D:5      | Identified the +2 ring mail "Atuidaoh" {Dex+4 Stlth-}
  4350 | D:5      | Reached * piety under Wu Jian
  4523 | D:5      | Reached XP level 8. HP: 52/65 MP: 11/11
  4573 | D:5      | Found a staircase to the Ecumenical Temple.
  5090 | D:5      | You fall into a shaft and drop 1 floor!
  5165 | D:6      | Found a hide-covered altar of Uskayaw.
  5507 | D:6      | Found an iron altar of Okawaru.
  5605 | D:6      | Gained mutation: Your touch may inflict irresistible damage
                  | on your foes. [demonic ancestry]
  5605 | D:6      | Reached XP level 9. HP: 60/75 MP: 12/12
  5659 | D:6      | Reached ** piety under Wu Jian
  5988 | D:7      | Noticed Pikel
  6018 | D:7      | Killed Pikel
  6044 | D:7      | Found a transporter.
  6055 | D:7      | Found a transporter.
  6060 | D:7      | Noticed a troll
  6251 | D:7      | Noticed Pokonic1's ghost (novice TrBe)
  6252 | D:7      | Noticed a moth of wrath
  6263 | D:7      | Found a bloodstained altar of Trog.
  6338 | D:8      | Reached skill level 10 in Fighting
  6546 | D:8      | Reached skill level 10 in Unarmed Combat
  6546 | D:8      | Reached XP level 10. HP: 75/85 MP: 13/13
  6553 | D:8      | Reached skill level 1 in Shapeshifting
  6691 | D:8      | Reached *** piety under Wu Jian
  6820 | D:8      | Found a runed translucent door.
  6820 | D:8      | Noticed bungle's ghost (novice MiBe)
  6820 | D:8      | Noticed a centaur warrior
  7145 | D:9      | HP: 3/85 [hornet (9)]
  7146 | D:9      | Slain by a howler monkey

Illustrated notes

Levels and vault maps discovered:
D:1:      eino_arrival_cavern_e, layout_loops_cross,
          hellmonk_ecumenical_altar_blasted
D:2:      layout_loops_cross, minmay_tree_intersection
D:3:      layout_loops_cross, dreamdust_wishing_well, uniq_terence, uniq_natasha
D:4:      layout_rooms, nicolae_qazlal_general_emergency,
          nzn_wu_jian_contemplation, mainiacjoe_overflow_cross_hatched,
          minitemple
D:5:      layout_basic, minmay_temple_entry_tees
D:6:      layout_basic, hellmonk_okawaru_the_only_friend_you_need,
          mainiacjoe_overflow_small_starburst, feat_on_display
D:7:      layout_cave_pools, gammafunk_ghost_wrathful_warriors,
          serial_library_regret_index_split_case, uniq_pikel
D:8:      layout_cave_pools, ebering_ghost_inner_flame,
          chequers_serial_rivers_micro_b
D:9:      layout_cave_pools, gammafunk_ghost_grave, library_closet, uniq_maggie

Skill      XL: |  1  2  3  4  5  6  7  8  9 10 |
---------------+-------------------------------+-----
Unarmed Combat | 2 3 4 5 6 7 10 | 10.0
Fighting       | 3 4 5 6 8 10 | 10.0
Dodging        | 2 |  2.9
Shapeshifting  | 2 |  2.2
Throwing       | |  0.8
Armour         | |  0.8
Spellcasting   | |  2.0
Translocations | |  2.6

Action                     |  1- 3 |  4- 6 |  7- 9 | 10-12 || total
---------------------------+-------+-------+-------+-------++-------
  Melee: Unarmed           |   130 |   113 |   315 |    58 ||   616
         Touch             |    16 |    21 |    71 |     5 ||   113
         Punch             |     2 |     2 |    11 |     3 ||    18
  Throw: Dart              |       |     3 |     2 |       ||     5
Ability: Lunge             |       |     4 |    26 |     6 ||    36
         Whirlwind         |       |       |    80 |    21 ||   101
    Use: Scroll            |     5 |     8 |     7 |     2 ||    22
         Potion            |       |     4 |     3 |     2 ||     9
 Armour: Leather armour    |    23 |       |       |       ||    23
         Ring mail         |    70 |    68 |   191 |    52 ||   381
         Skin              |       |    14 |       |       ||    14
  Dodge: Dodged            |    76 |    61 |   138 |    36 ||   311

Table legend: (Time is in decaauts)
 A = Elapsed time spent in this place.
 B = Non-inter-level travel time spent in this place.
 C = Inter-level travel time spent in this place.
 D = Time resting spent in this place.
 E = Time spent auto-exploring this place.
 F = Levels seen in this place.
 G = Mean time per level.
                   A        B        C        D        E       F      G
               +--------+--------+--------+--------+--------+-----+--------+
         Total |   7093 |   6923 |    170 |    654 |   4924 |   9 |  788.1 |
       Dungeon |   7093 |   6923 |    170 |    654 |   4924 |   9 |  788.1 |
               +--------+--------+--------+--------+--------+-----+--------+

Top non-repeatable levels by time:
     D:5: 1334 daAuts
     D:2: 1197 daAuts
     D:3: 1023 daAuts
     D:1: 769 daAuts
     D:6: 762 daAuts
     D:4: 726 daAuts
     D:7: 649 daAuts
     D:8: 608 daAuts
     D:9: 21 daAuts
